 Dungeon Crawl Stone Soup version 0.24.0-13-gcf9b319 (webtiles) character file.

Game seed: 2789352438644329266, levelgen mode: deterministic

2981 Boetheseconed the Gouger (level 9, -4/39 HPs)
             Began as a Felid Monk on Dec 14, 2019.
             Was an Initiate of Gozag.
             Slain by a killer bee (9 damage)
             ... on level 7 of the Dungeon.
             The game lasted 00:32:29 (8404 turns).

Boetheseconed the Gouger (Felid Monk)               Turns: 8404, Time: 00:32:29

Health: -4/39      AC:  4    Str:  7    XL:     9   Next: 53%
Magic:  11/11      EV: 26    Int: 11    God:    Gozag
Gold:   584        SH:  6    Dex: 22    Spells: 8/8 levels left
                                        Lives:  0   Deaths: 2

rFire    . . .     SeeInvis +     - Unarmed
rCold    . . .     Gourm    .   (shield unavailable)
rNeg     . . .     Faith    .   (armour unavailable)
rPois    +         Spirit   .   (helmet unavailable)
rElec    .         Reflect  +   (cloak unavailable)
rCorr    .         Harm     .   (gloves unavailable)
MR       +....                  (boots unavailable)
Stlth    +++++.....             t - +6 amulet of reflection
HPRegen  0.13/turn              c - ring of poison resistance
MPRegen  0.12/turn              q - +2 ring of protection

@: quick
A: very small, no armour, no weapons or thrown items, stealth, claws 1, fangs 3,
see invisible, carnivore, speed 1, shaggy fur 2, slow metabolism 1, sharp paws
a: Potion Petition, Call Merchant, Bribe Branch, Renounce Religion


You were on level 7 of the Dungeon.
You worshipped Gozag.
Gozag was pleased with you.
You were not hungry.

You visited 2 branches of the dungeon, and saw 9 of its levels.

You collected 664 gold pieces.
You spent 80 gold pieces at shops.

Inventory:

Jewellery
 c - a ring of poison resistance (left paw)
 e - an uncursed ring of protection from cold
 m - an uncursed amulet of the gourmand
 q - a +2 ring of protection (right paw)
 t - a +6 amulet of reflection (around neck)
 u - an uncursed ring of protection from fire
Wands
 o - a wand of polymorph (4)
 p - a wand of flame (5)
Scrolls
 d - a scroll of brand weapon {unknown}
 g - 6 scrolls of remove curse
 h - 2 scrolls of random uselessness {unknown}
 i - 5 scrolls of identify {unknown}
 j - 3 scrolls of amnesia {unknown}
 l - 4 scrolls of teleportation {unknown}
 n - 3 scrolls of enchant armour {unknown}
 r - 2 scrolls of magic mapping {unknown}
 s - 2 scrolls of fear {unknown}
 w - a scroll of vulnerability {unknown}
 x - a scroll of noise {unknown}
Potions
 b - 7 potions of curing
 f - a potion of brilliance
 k - a potion of haste
 v - a potion of magic {unknown}
 A - a potion of flight
 C - a potion of might {unknown}
Comestibles
 a - 14 rations


   Skills:
 + Level 4.0 Fighting
 + Level 8.7 Dodging
 + Level 9.3 Stealth
 + Level 11.1 Unarmed Combat
 + Level 2.1 Evocations


You had 8 spell levels left.
You didn't know any spells.
Your spell library was empty.

Dungeon Overview and Level Annotations

Branches:
Dungeon (8/15)             Temple (1/1) D:6
   Lair: D:8-11

Altars:
Ashenzari
Cheibriados
Dithmenos
Elyvilon
Fedhas
Gozag
Hepliaklqana
Kikubaaqudgha
Makhleb
Nemelex Xobeh
Okawaru
Qazlal
Ru
Sif Muna
Trog
Uskayaw
Vehumet
Wu Jian
Xom
Yredelemnul
Zin
The Shining One

Shops:
D:6 (   D:7 *

Annotations:
D:6 3 runed translucent doors, shayl's ghost, amateur DrCj


Innate Abilities, Weirdness & Mutations

You cannot wear armour.
You are incapable of wielding weapons or throwing items.
Your paws allow you to move quietly. (Stealth)
You have sharp claws.
You have razor-sharp teeth.
You have supernaturally acute eyesight. (SInv)
You are carnivorous and can eat meat at any time.
You cover ground quickly.
You are covered in thick fur. (AC +2)
You have a slow metabolism.
Your sharp claws are effective at attacking unaware monsters.


Message History

The queen bee is heavily wounded.
The queen bee stings you.
* * * LOW HITPOINT WARNING * * *
You closely miss the queen bee.
The queen bee is heavily wounded.
The queen bee stings you!
* * * LOW HITPOINT WARNING * * *
You see here a flail.
The killer bee misses you. You block the killer bee's attack.
The killer bee completely misses you.
Items here: ))) [ a cursed +0 giant spiked club; a +0 giant club; a +2 robe of cold resistance a +2 whip of freezing
There is a stone staircase leading up, spattered with blood here.
You scratch the killer bee.
The killer bee is severely wounded.
The killer bee completely misses you. The killer bee stings you!
You die...
Your body crumbles into a pile of gold.

## #.##....# #.# #.###...#. #
###.##.#.## #.# #.# ###### ##
#.y....#.# #.# #.#
.#####.###..#.# #.#####.##
.y..y..# #).#.# #........#
.##y.#.###.##.# #.#####..#
###..#..[y.##.# #.# #>.# #####
......>......(####.# ###..#
#.... ####..##....S..y@..#
#....# #.### #..########.#####
#.##.# #.# #..# #.## #.##.# #.#
#..# #..# #.##.# #.# #..# ##8#
#.##.# #.# ##..# ####.####
#.##.###.# #...######.8.∩.8.#
#.##.....#
#..........##.##.###.....#..###
#...#####....8.................


You could see a queen bee, a killer bee and an adder.

Vanquished Creatures
  A two-headed ogre (D:7)
  Pikel (D:7)
  Prince Ribbit (D:6)
  A hippogriff (D:7)
  Menkaure (D:5)
  Duvessa (D:6)
  An ice beast (D:7)
  A slave (D:7)
  3 ogres (D:7)
  2 centaurs (D:5)
  A big kobold (D:7)
  2 bullfrogs (D:6)
  3 scorpions
  A water moccasin skeleton (D:7)
  Dowan (D:6)
  2 killer bees (D:8)
  2 howler monkeys
  2 crimson imps
  A jelly (D:5)
  5 hounds
  A bullfrog skeleton (D:5)
  Crazy Yiuf (D:7)
  3 iguanas
  6 worker ants
  A hound skeleton (D:8)
  A worker ant zombie (D:5)
  5 gnolls
  A howler monkey skeleton (D:4)
  10 adders
  An ooze (D:5)
  An adder skeleton (D:8)
  6 worms
  A dart slug (D:1)
  7 leopard geckos
  An orc (D:7)
  2 ball pythons (D:4)
  3 bats
  7 giant cockroaches
  5 goblins
  11 hobgoblins
  12 jackals
  10 kobolds
  2 quokkas
  2 frilled lizards
  A jackal zombie (D:7)
  9 rats
143 creatures vanquished.

Vanquished Creatures (others)
  3 slaves (D:7)
  A hound (D:7)
  A hound skeleton (D:7)
  4 orcs (D:7)
  A goblin (D:3)
  A jackal zombie (D:6)
  A kobold (D:3)
  A fungus (D:7)
  4 toadstools (D:1)
17 creatures vanquished.

Grand Total: 160 creatures vanquished

Notes
Turn   | Place    | Note
-------+----------+-------------------------------------------
     0 | D:1      | Boetheseconed the Felid Monk began the quest for the Orb.
     0 | D:1      | Reached XP level 1. HP: 10/10 MP: 2/2
   182 | D:1      | Reached XP level 2. HP: 14/14 MP: 3/3
   792 | D:2      | Found an iron altar of Okawaru.
   803 | D:2      | Reached XP level 3. HP: 17/17 MP: 4/4
  1110 | D:2      | Reached skill level 5 in Dodging
  1282 | D:2      | Reached XP level 4. HP: 13/21 MP: 5/5
  1327 | D:2      | Reached skill level 4 in Unarmed Combat
  1454 | D:2      | Found a glowing silver altar of Zin.
  2884 | D:4      | Reached XP level 5. HP: 24/24 MP: 6/6
  3616 | D:5      | Entered Level 5 of the Dungeon
  3618 | D:5      | Reached skill level 5 in Unarmed Combat
  3728 | D:5      | Noticed Menkaure
  4025 | D:5      | Killed Menkaure
  4025 | D:5      | Reached skill level 5 in Stealth
  4025 | D:5      | Gained mutation: You are covered in thick fur. (AC +2)
                  | [Felid growth]
  4025 | D:5      | Reached XP level 6. HP: 28/28 MP: 7/7
  4183 | D:5      | Reached skill level 6 in Unarmed Combat
  4183 | D:5      | Reached XP level 7. HP: 31/31 MP: 8/8
  4575 | D:5      | Reached skill level 1 in Evocations
  4748 | D:5      | Noticed a moth of wrath
  4751 | D:5      | Found a bloodstained altar of Trog.
  4935 | D:6      | Noticed Duvessa
  4935 | D:6      | Noticed Dowan
  5320 | D:6      | Killed Dowan
  5320 | D:6      | Reached skill level 7 in Unarmed Combat
  5325 | D:6      | Slain by a worker ant
  5326 | D:6      | Reached XP level 6. HP: -5/28 MP: 7/7
  5486 | D:6      | Found a staircase to the Ecumenical Temple.
  5494 | D:6      | Reached XP level 7. HP: 31/31 MP: 8/8
  5500 | Temple   | Entered the Ecumenical Temple
  5691 | Temple   | Became a worshipper of Gozag Ym Sagoz the Greedy
  5777 | D:6      | Slain by Duvessa
  5778 | D:6      | Reached XP level 6. HP: -1/28 MP: 7/7
  5870 | D:6      | Found a runed translucent gate.
  5870 | D:6      | Found a runed translucent gate.
  5870 | D:6      | Found a runed translucent gate.
  5870 | D:6      | Found an opulent altar of Gozag.
  5871 | D:6      | Noticed shayl's ghost (amateur DrCj)
  5871 | D:6      | Noticed an acid dragon
  6031 | D:6      | Killed Duvessa
  6042 | D:6      | Found Dinoisos's Antique Weapon Shop.
  6115 | D:6      | Reached skill level 8 in Unarmed Combat
  6115 | D:6      | Reached XP level 7. HP: 25/31 MP: 8/8
  6132 | D:6      | Noticed Prince Ribbit
  6135 | D:6      | Killed Prince Ribbit
  6258 | D:7      | Noticed Pikel
  6298 | D:7      | Killed Pikel
  6298 | D:7      | Reached skill level 9 in Unarmed Combat
  6298 | D:7      | Reached XP level 8. HP: 34/34 MP: 8/10
  6313 | D:7      | Found Oggekoi's General Store.
  6339 | D:7      | Noticed a two-headed ogre
  6649 | D:7      | Bought a potion of heal wounds for 80 gold pieces
  7056 | D:7      | Killed a two-headed ogre
  7056 | D:7      | Reached skill level 10 in Unarmed Combat
  7056 | D:7      | Reached XP level 9. HP: 9/38 MP: 11/11
  8186 | D:7      | Found a runed translucent door.
  8187 | D:7      | Noticed Crazy Yiuf
  8195 | D:7      | Killed Crazy Yiuf
  8265 | D:7      | Reached skill level 11 in Unarmed Combat
  8308 | D:8      | Noticed a queen bee
  8404 | D:7      | Slain by a killer bee

Levels and vault maps discovered:
D:1:      ldierk_walled_garden_2, layout_basic, kennysheep_minor_cross
D:2:      layout_rooms, lemuel_coloured_pillars_altar, okawaru_gym_becter
D:3:      layout_basic, lemuel_old_faithful
D:4:      minmay_wonky_spiral, layout_basic
D:5:      layout_basic, tgw_trog, first_ration, eino_tiny_chamber,
          kennysheep_big_empty_room, minmay_misc_feat_room, uniq_menkaure
D:6:      layout_basic, minmay_temple_entry_hall, serial_shops,
          nicolae_shop_behind_doors, ebering_ghost_gozag,
          small_statue_intersection, uniq_prince_ribbit1, uniq_duvessa
D:7:      layout_loops_ring, serial_shops, nicolae_shop_statue_plus,
          uniq_crazy_yiuf_cottage, uniq_pikel
D:8:      layout_gridville, david_nohive_1
Temple:   regret_index_temple_chain_breaker

Skill      XL: |  1  2  3  4  5  6  7  8  9 |
---------------+----------------------------+-----
Stealth        | 3 5 7 8 9 |  9.3
Dodging        | 5 6 7 8 |  8.7
Unarmed Combat | 4 5 8 9 10 11 | 11.1
Evocations     | 1 2 |  2.1
Fighting       | 4 |  4.0

Action                   |  1- 3 |  4- 6 |  7- 9 || total
-------------------------+-------+-------+-------++-------
Melee: Unarmed           |   122 |   164 |   284 ||   570
       Bite              |    12 |    17 |    34 ||    63
       Punch             |     3 |     6 |    16 ||    25
Invok: Potion Petition   |       |       |     1 ||     1
Evoke: Wand              |       |     7 |     9 ||    16
  Use: Potion            |     1 |     2 |     3 ||     6
       Scroll            |       |     2 |       ||     2
 Stab: Sleeping          |     7 |    21 |    11 ||    39
       Distracted        |       |       |     3 ||     3
  Eat: Chunk             |     8 |    11 |     2 ||    21
       Ration            |       |       |     1 ||     1
Armor: Skin              |     7 |     5 |    19 ||    31
Dodge: Dodged            |   122 |    98 |   243 ||   463
Block: Other             |       |    12 |    83 ||    95
       Reflection        |       |       |     2 ||     2
